 Dungeon Crawl Stone Soup version 0.32-a0-886-g41c5271027 (webtiles) character file.

Game seed: 6730502628562366597

106 porpoise the Shooter (level 4, -3/34 HPs)
             Began as a Human Hunter on Apr 3, 2024.
             Slain by a phantom (5 damage)
             ... on level 3 of the Dungeon.
             The game lasted 00:04:09 (2034 turns).

porpoise the Shooter (Human Hunter)                 Turns: 2034, Time: 00:04:10

Health: -3/34      AC:  3    Str: 11    XL:     4   Next: 84%
Magic:  4/4        EV: 11    Int: 10    God:
Gold:   93         SH:  0    Dex: 18    Spells: 3/3 levels left

rFire   . . .        a - +0 shortbow
rCold   . . .        (shield currently unavailable)
rNeg    . . .        c - +0 leather armour
rPois   .            (no helmet)
rElec   .            (no cloak)
rCorr   .            (no gloves)
SInv    .            (no boots)
Will    .....        (no amulet)
Stlth   ++           (no ring)
HPRegen 0.25/turn    (no ring)
MPRegen 0.09/turn

%: no passive effects
@: no status effects
A: explore regen
a: no special abilities


You were on level 3 of the Dungeon.
You visited 1 branch of the dungeon, and saw 3 of its levels.

You collected 93 gold pieces.

Inventory:

Hand Weapons
 a - a +0 shortbow (weapon)
 b - a +1 dagger of venom
 i - a +1 antimagic dagger
Missiles
 o - 3 poisoned darts
Armour
 c - a +0 leather armour (worn)
Scrolls
 g - a scroll of silence {unknown}
 h - a scroll of identify {unknown}
 j - a scroll of noise {unknown}
 k - a scroll of brand weapon {unknown}
 m - a scroll of fear {unknown}
 n - a scroll of vulnerability {unknown}
 p - a scroll of butterflies
Potions
 d - 2 potions of curing {unknown}
 e - a potion of might {unknown}
 f - 2 potions of resistance {unknown}
 l - a potion of ambrosia {unknown}


   Skills:
 + Level 2.9 Fighting
 * Level 5.1 Ranged Weapons
 - Level 2.0 Dodging
 + Level 2.4 Stealth


You had 3 spell levels left.
You didn't know any spells.
Your spell library was empty.

Dungeon Overview and Level Annotations

Branches:
Dungeon (3/15)

Altars:
Makhleb


Innate Abilities, Weirdness & Mutations

You regain HP and MP as you explore.


Message History

The phantom closely misses you.
You shoot an arrow. The arrow hits the phantom!
The phantom is heavily damaged.
The phantom misses you.
You shoot an arrow.
The arrow hits the phantom but does no damage.
The phantom is heavily damaged.
The phantom closely misses you.
The endoplasm hits you but does no damage.
The phantom hits you.
The phantom blinks!
You blink.
You shoot an arrow. The arrow closely misses the phantom.
The phantom hits you.
The phantom blinks!
You blink.
You shoot an arrow. The arrow hits the phantom.
The phantom is almost destroyed.
The phantom barely misses you.
You shoot an arrow. The arrow closely misses the phantom.
The phantom barely misses you.
You shoot an arrow. The arrow misses the phantom.
The phantom hits you.
The phantom blinks!
You blink.
The endoplasm barely misses you.
You shoot an arrow.
The arrow hits the phantom but does no damage.
The phantom is almost destroyed.
The phantom hits you.
The phantom blinks!
You blink.
The endoplasm freezes you.
You are frozen.
The phantom barely misses you. The endoplasm freezes you.
You are frozen.
You shoot an arrow.
The arrow hits the phantom but does no damage.
The phantom is almost destroyed.
The endoplasm freezes you.
You are frozen.
The phantom hits you.
* * * LOW HITPOINT WARNING * * *
You shoot an arrow. The arrow hits the phantom.
The phantom is almost destroyed.
The endoplasm freezes you.
You are frozen.
* * * LOW HITPOINT WARNING * * *
The phantom hits you.
You die...

#...###.#........#P
##....#.#........#P
#....#..####....~~
###.....##......#P
#.......##...##.#P
#.....####...##.#.
####....##...##.##
#W##....####.###.
#@####.....#.# .
#J.#.......#.# ..
#ยง.#.....##### ..
#..#..#....#
#.....#....#
#.....###....
##....# .#.##
#....# ...# #.....
#


You could see a phantom and an endoplasm.

Vanquished Creatures
  A gnoll (D:1)
  3 adders (D:2)
  2 dart slugs (D:1)
  An orc (D:3)
  5 ball pythons
  6 bats
  7 endoplasms
  A giant cockroach (D:3)
  7 goblins
  6 hobgoblins
  A jackal (D:3)
  6 kobolds
  4 quokkas
  2 frilled lizards (D:1)
  8 rats
60 creatures vanquished.

Notes
Turn   | Place    | Note
-------+----------+-------------------------------------------
     0 | D:1      | porpoise the Human Hunter began the quest for the Orb.
     0 | D:1      | Reached XP level 1. HP: 16/16 MP: 1/1
   119 | D:1      | Reached XP level 2. HP: 22/22 MP: 2/2
   271 | D:1      | Reached XP level 3. HP: 13/28 MP: 3/3
   894 | D:2      | Reached XP level 4. HP: 34/34 MP: 4/4
  1126 | D:2      | Found a burning altar of Makhleb.
  1273 | D:2      | Reached skill level 5 in Ranged Weapons
  2020 | D:3      | Noticed a phantom
  2034 | D:3      | Slain by a phantom

Illustrated notes

Levels and vault maps discovered:
D:1:      kilobyte_arrival_exit_the_forest, layout_loops_ring,
          serial_bayou_pond_b
D:2:      layout_basic, basic_altar, minmay_misc_feat_rugged
D:3:      layout_basic, mainiacjoe_overflow_alcove_4,
          shapermc_ecumenical_altar_hornbeckon, serial_glass, glass_columns_b,
          glass_columns_c, due_unseen_surprise, minmay_misc_feat_plants,
          hangedman_decor_push, grunt_ministairs_3, st_stairs_6,
          chequers_serial_rivers_large_b, minmay_pentomino_pile

Skill      XL: |  1  2  3  4 |
---------------+-------------+-----
Stealth        | 2 |  2.4
Ranged Weapons | 5 |  5.1
Fighting       | |  2.9
Dodging        | |  2.0

Action                     |  1- 3 |  4- 6 || total
---------------------------+-------+-------++-------
   Fire: Shortbow          |    77 |    77 ||   154
 Armour: Leather armour    |    13 |    16 ||    29
  Dodge: Dodged            |     7 |    16 ||    23

Table legend: (Time is in decaauts)
 A = Elapsed time spent in this place.
 B = Non-inter-level travel time spent in this place.
 C = Inter-level travel time spent in this place.
 D = Time resting spent in this place.
 E = Time spent auto-exploring this place.
 F = Levels seen in this place.
 G = Mean time per level.
                   A        B        C        D        E       F      G
               +--------+--------+--------+--------+--------+-----+--------+
         Total |   2071 |   1981 |     90 |    174 |   1513 |   3 |  690.3 |
       Dungeon |   2071 |   1981 |     90 |    174 |   1513 |   3 |  690.3 |
               +--------+--------+--------+--------+--------+-----+--------+

Top non-repeatable levels by time:
     D:2: 1027 daAuts
     D:1: 887 daAuts
     D:3: 156 daAuts
